[Event "*** Titled Tuesday Blitz"]
[Site "Chess.com"]
[Date "2020.05.05"]
[Round "2"]
[White "Korona_91"]
[Black "francyIM"]
[Result "1/2-1/2"]
[WhiteElo "2425"]
[BlackElo "2648"]
[TimeControl "180+1"]
[EndTime "10:18:19 PDT"]
[Termination "Game drawn by repetition"]

1. e4 e5 2. Nf3 Nc6 3. Bc4 Bc5 4. d3 Nf6 5. Nc3 a6 6. Bg5 h6 7. Bxf6 Qxf6 8. Nd5 Qd8 9. c3 d6 10. d4 Ba7 11.
dxe5 Nxe5 12. Nxe5 dxe5 13. Qh5 O-O 14. Qxe5 Re8 15.
Qf4 Be6 16. O-O-O Bxd5 17. Rxd5 Qe7 18. Rf5 Rf8 19. Rd1 c6 20. f3 Bb8 21. e5 Bc7 22.
Qe4 Rae8 23. e6 fxe6 24. Rxf8+ Kxf8 25. Qh7 Qf7 26. Bd3 Rd8 27. Kc2 Ke7 28. Qe4 Bxh2 29. Qb4+ Ke8 30. Qg4 h5 31. Qg5 Bf4 32. Qxd8+ Kxd8 33. Bg6+ Qd7 34. Rxd7+ Kxd7 35. Bxh5 Ke7 36. Kd3 e5 37. b3 Kd6 38. Ke4 b5 39. Bf7 Kc5 40. g4 g5 41. Be8 a5 42. a4 b4 43. cxb4+ Kxb4 44. Bxc6 Kxb3 45. Bb5 Kb4 46. Be8 Kc5 47. Bb5 Kb4 48. Be8 Kc5 49. Bb5 Kb4 1/2-1/2

[Event "*** Titled Tuesday Blitz"]
[Site "Chess.com"]
[Date "2020.05.05"]
[Round "2"]
[White "HouseOfDurin"]
[Black "Xeslu"]
[Result "0-1"]
[WhiteElo "2002"]
[BlackElo "2361"]
[TimeControl "180+1"]
[EndTime "10:18:19 PDT"]
[Termination "Xeslu won on time"]

1. d4 Nf6 2. Bg5 Ne4 3. h4 c5 4. dxc5 Qa5+ 5. Nd2 Nxd2 6. Qxd2 Qxc5 7. c3 d5 8. e4 dxe4 9. O-O-O Nc6 10. b4 Qb6 11. Bc4 Ne5 12. Bb5+ Nc6 13. Qd5 Be6 14. Bxc6+ Qxc6 15. Qxc6+ bxc6 16. Ne2 Bxa2 17. Ng3 Bd5 18. Be3 e6 19. c4 Bxc4 20. Nxe4 Bxb4 21. Rd4 Ba3+ 22. Kc2 Bd5 23. Nc3 O-O 24. Ra4 Be7 25. Rxa7 Rxa7 26. Bxa7 Ra8 27. Be3 Bf6 28. Rc1 Bxc3 29.
Kxc3 Bxg2 30. Kd4 Bd5 31. Ke5 h6 32. Kd6 Kh7 33. Ke7 f5 34. Kf7 Rb8 35. Ke7 Rb7+ 0-1

[Event "*** Titled Tuesday Blitz"]
[Site "Chess.com"]
[Date "2020.05.05"]
[Round "2"]
[White "LittlePeasant"]
[Black "Mizner"]
[Result "1/2-1/2"]
[WhiteElo "2757"]
[BlackElo "2528"]
[TimeControl "180+1"]
[EndTime "10:18:20 PDT"]
[Termination "Game drawn by repetition"]

1. d4 d5 2. c4 e6 3. Nc3 Nf6 4. cxd5 Nxd5 5. e4 Nxc3 6. bxc3 c5 7. Rb1 cxd4 8. cxd4 Nc6 9. Nf3 Bb4+ 10. Bd2 Bxd2+ 11. Qxd2 O-O 12. Bb5 Na5 13. O-O b6 14. d5 exd5 15.
exd5 Qd6 16. Rbd1 Bg4 17. Qd3 Bxf3 18. Qxf3 Rac8 19. Rfe1 Rc5 20. a4 Rd8 21. Rd4 g6 22. Qd3 Rdc8 23. g3 Rc1 24. Rxc1 Rxc1+ 25. Kg2 Rc5 26. h4 h5 27. Qe4 Rc7 28. Rd3 Nb7 29.
Qe8+ Kg7 30. Bc6 Re7 31. Qc8 Nc5 32. Rf3 Ne4 33. Rd3 Nc5 34. Rf3 Ne4 35. Rd3 Nc5 1/2-1/2

[Event "*** Titled Tuesday Blitz"]
[Site "Chess.com"]
[Date "2020.05.05"]
[Round "2"]
[White "SlavenPastar"]
[Black "Arjun2002"]
[Result "0-1"]
[WhiteElo "2362"]
[BlackElo "2646"]
[TimeControl "180+1"]
[EndTime "10:18:20 PDT"]
[Termination "Arjun2002 won on time"]

1. d4 d5 2. c4 c6 3. Nf3 Nf6 4. g3 Bg4 5. Ne5 Bf5 6. cxd5 cxd5 7. Bg2 e6 8. Nc3 Nc6 9. Qa4 Qb6 10. O-O Be7 11. Qb5 O-O 12. Qxb6 axb6 13. Rd1 h6 14. Bf4 Rfc8 15. Nb5 g5 16. Be3 Ra5 17. a4 Bc2 18.
Rdc1 Bxa4 19. Nc3 Bb3 20. h4 Nxe5 21. dxe5 Nd7 22. hxg5 hxg5 23. f4 gxf4 24. gxf4 Bc5 25. Bxc5 Rcxc5 26. Kf2 f6 27. exf6 Nxf6 28. Bf3 Kf7 29. Rh1 Rxa1 30. Rxa1 Ra5 31. Rh1 b5 32. e3 b4 33. Ne2 Ra2 34. Rc1 Bc4 35. b3 Bxe2 36.
Rc7+ Ke8 37. Bxe2 Ne4+ 38. Kf3 Nd2+ 39. Kf2 Nxb3 40. Rxb7 Nc1 41. Rxb4 Rxe2+ 42. Kf3 Rf2+ 43. Kg3 Rc2 44. Kf3 Nd3 45. Rb7 Nc5 0-1

[Event "*** Titled Tuesday Blitz"]
[Site "Chess.com"]
[Date "2020.05.05"]
[Round "2"]
[White "czasnaszachy"]
[Black "CyberneticLion"]
[Result "0-1"]
[WhiteElo "2308"]
[BlackElo "2606"]
[TimeControl "180+1"]
[EndTime "10:18:20 PDT"]
[Termination "CyberneticLion won by checkmate"]

1. d4 d5 2. c4 e6 3. Nc3 Nf6 4. Nf3 c6 5. e3 Nbd7 6. Bd2 Bd6 7. Rc1 O-O 8. Bd3 dxc4 9. Bxc4 b5 10. Bd3 Bb7 11.
O-O a6 12. e4 e5 13. d5 cxd5 14. Nxd5 Nxd5 15. exd5 Bxd5 16. Bg5 Nf6 17. Bxf6 Bxf3 18. Bxh7+ Kh8 19. Qxf3 Qxf6 20. Qxf6 gxf6 21. Bf5 Rfd8 22. Rc6 Kg7 23. Rfc1 Bb4 24. a3 Bd2 25. R1c2 a5 26. g3 b4 27. axb4 Bxb4 28. Rc7 Rd1+ 29. Kg2 Re8 30.
Rb7 Kf8 31. Rcc7 Re7 32. Rxe7 Bxe7 33. Rb8+ Kg7 34. Ra8 Bb4 35. Ra7 Rd2 36. b3 Rb2 37. Be6 Be1 38. Rxf7+ Kg6 39. Kh3 Bxf2 40. Kg4 Rd2 41.
Ra7 Rd4+ 42. Kf3 Be1 43. Bc4 Bd2 44. Ke2 f5 45. Ra6+ Kg5 46. Re6 Bc3 47. Re8 Rd2+ 48. Ke3 Rxh2 49. Rg8+ Kf6 50. Rf8+ Kg6 51. Rg8+ Kh7 52. Ra8 Bd4+ 53. Kf3 Rf2# 0-1

[Event "*** Titled Tuesday Blitz"]
[Site "Chess.com"]
[Date "2020.05.05"]
[Round "2"]
[White "Anastasia_Nesytova"]
[Black "leopato"]
[Result "1-0"]
[WhiteElo "2376"]
[BlackElo "2064"]
[TimeControl "180+1"]
[EndTime "10:18:20 PDT"]
[Termination "Anastasia_Nesytova won by resignation"]

1. d4 Nf6 2. c4 g6 3. Nf3 Bg7 4. g3 O-O 5. Bg2 d6 6. O-O Nc6 7. Nc3 a6 8. Bf4 Rb8 9. Rc1 Bd7 10. Qd2 b5 11. Nd5 bxc4 12. Nxf6+ Bxf6 13. Rxc4 Rb6 14. Rfc1 e6 15. b3 a5 16. Bh6 Bg7 17. Bxg7 Kxg7 18. e3 Qf6 19. Ne1 Nb4 20. Rxc7 Rd8 21. Nd3 Bb5 22. Nxb4 axb4 23. Qxb4 Rdb8 24. Ra7 Bf1 25. Qd2 Bxg2 26. Kxg2 Qf5 27. Rcc7 R8b7 28. Raxb7 Rxb7 29. Rxb7 Qd5+ 30. Kg1 Qxb7 31. b4 Qb5 32. Qb2 d5 33. h3 h5 34. h4 f6 35. Qb3 g5 36. a4 Qe2 37. hxg5 fxg5 38. b5 h4 39. Kg2 g4 40.
gxh4 Qf3+ 41. Kg1 g3 42. Qc2 Kf8 43. fxg3 Qxe3+ 44. Qf2+ Qxf2+ 45. Kxf2 Ke7 46. b6 Kd6 47. a5 Kc6 48. h5 e5 49. Ke3 exd4+ 50. Kxd4 Kb7 51. h6 Ka6 52. h7 Kxa5 53. h8=Q Kxb6 54. Qb8+ Kc6 55. Qd8 Kb5 56. Qc7 Kb4 57. Qb6+ Ka3 58.
Kc3 1-0

[Event "*** Titled Tuesday Blitz"]
[Site "Chess.com"]
[Date "2020.05.05"]
[Round "2"]
[White "lIlIlIlI_lIl"]
[Black "LPSupi"]
[Result "0-1"]
[WhiteElo "2565"]
[BlackElo "2910"]
[TimeControl "180+1"]
[EndTime "10:18:21 PDT"]
[Termination "LPSupi won on time"]

1. e4 c5 2. Nf3 e6 3. d4 cxd4 4. Nxd4 a6 5. Be2 b5 6. a4 b4 7.
Nd2 Bb7 8. O-O Qc7 9. Nc4 Bxe4 10.
Re1 Nf6 11. Bg5 Be7 12. a5 Nc6 13. Nb6 Ra7 14. Nb3 O-O 15. Be3 d5 16. c3 bxc3 17. bxc3 Bd6 18. g3 Ne5 19. Rc1 Ba3 20. Bf4 Bxc1 21. Qxc1 h6 22. f3 Bxf3 23. Qe3 Nfg4 24. Bxe5 Nxe3 25. Bxc7 Nc2 26. Rc1 Bxe2 27. Rxc2 Bd1 0-1

[Event "*** Titled Tuesday Blitz"]
[Site "Chess.com"]
[Date "2020.05.05"]
[Round "2"]
[White "Alexander_Donchenko"]
[Black "LastHeroJr"]
[Result "1-0"]
[WhiteElo "2812"]
[BlackElo "2532"]
[TimeControl "180+1"]
[EndTime "10:18:21 PDT"]
[Termination "Alexander_Donchenko won by resignation"]

1. c4 e5 2. g3 Nf6 3. Bg2 d5 4. cxd5 Nxd5 5. Nc3 Nb6 6. Nf3 Nc6 7. O-O Be7 8. a3 O-O 9. b4 Re8 10. Bb2 Bf8 11. d3 a5 12. b5 Nd4 13. Nd2 a4 14. e3 Nf5 15. Qc2 Nd6 16. Nde4 Nf5 17.
Rfd1 Be6 18. Nd2 Nd6 19. Rac1 Qd7 20. Qb1 Rab8 21. Qa1 f6 22. Nde4 Nf7 23. d4 Bb3 24. dxe5 Bxd1 25. Rxd1 Qf5 26. exf6 Nc4 27. Rd5 Re5 28. Rd4 Nxb2 29. Qxb2 gxf6 30. Nd5 Bg7 31. g4 Qe6 32. f4 Rxe4 33. Rxe4 Qxg4 34. Nxf6+ Bxf6 35. Qxf6 Qd1+ 36. Kf2 Qd2+ 37. Kg3 Qd8 38. Re7 Qf8 39. Bd5 Qg7+ 40. Qxg7+ Kxg7 1-0

[Event "*** Titled Tuesday Blitz"]
[Site "Chess.com"]
[Date "2020.05.05"]
[Round "2"]
[White "Bacyanide"]
[Black "mfwagnerpeixoto"]
[Result "1-0"]
[WhiteElo "2431"]
[BlackElo "2191"]
[TimeControl "180+1"]
[EndTime "10:18:21 PDT"]
[Termination "Bacyanide won by resignation"]

1. d4 Nf6 2. Nf3 g6 3. c4 Bg7 4. Nc3 d5 5. cxd5 Nxd5 6. e4 Nxc3 7. bxc3 O-O 8. Be3 c5 9. Be2 Nc6 10. O-O cxd4 11. cxd4 Bg4 12. d5 Bxf3 13. Bxf3 Bxa1 14. Qxa1 Na5 15. Bh6 f6 16. e5 Nc4 17. exf6 exf6 18. Bxf8 Qxf8 19. Bg4 Kg7 20. Be6 Ne5 21. Qd4 Qe7 22. h3 b6 23. Re1 Rd8 24. Qc3 Qc5 25. Qxc5 bxc5 26. Rc1 Nd3 27. Rc3 Nf4 28. Rxc5 Rd6 29.
Rc7+ Kh6 30. Bg8 Nxd5 31. Rxh7+ Kg5 32. Bxd5 Rxd5 33. Rxa7 Rd1+ 34. Kh2 Rd2 35. Kg3 f5 36. h4+ Kf6 37. a4 Rd3+ 38. f3 Ke5 39. Ra6 Ra3 40. Rxg6 Rxa4 41. Kh3 Kf4 42. h5 Ra1 43. Kh2 Ra8 44.
h6 Rh8 45. Kh3 Ke5 46. Kh4 Kf4 47. Kh5 Rd8 48. h7 Rd1 49. Kh6 Rh1+ 50. Kg7 1-0

[Event "*** Titled Tuesday Blitz"]
[Site "Chess.com"]
[Date "2020.05.05"]
[Round "2"]
[White "asms9699"]
[Black "SHIVACalypso"]
[Result "1-0"]
[WhiteElo "2623"]
[BlackElo "2283"]
[TimeControl "180+1"]
[EndTime "10:18:22 PDT"]
[Termination "asms9699 won by resignation"]

1. c4 Nf6 2. g3 e5 3. Bg2 Nc6 4. Nc3 g6 5. Nf3 Bg7 6. O-O O-O 7. d3 d6 8. b3 h6 9. Bb2 Be6 10. d4 exd4 11. Nxd4 Nxd4 12. Qxd4 Nd5 13. Qd2 Nxc3 14. Bxc3 Bxc3 15. Qxc3 c6 16. Rad1 Qe7 17. Qd2 Rad8 18. Qxh6 Bg4 19. Rfe1 Qe5 20. h3 Be6 21. Qd2 d5 22. cxd5 Bxd5 23. Qc2 Rfe8 24. e3 Bxg2 25. Kxg2 Rd5 26. Rxd5 Qxd5+ 27. e4 Qd4 28. Qc4 Qd2 29.
Re2 Qd1 30. Re3 Re6 31. Qc3 Qd7 32. h4 Qe7 33. e5 f6 34. exf6 Qxf6 35. Qc4 Kf7 36.
g4 1-0

[Event "*** Titled Tuesday Blitz"]
[Site "Chess.com"]
[Date "2020.05.05"]
[Round "2"]
[White "pedromartinez91"]
[Black "politeplayer"]
[Result "1-0"]
[WhiteElo "2520"]
[BlackElo "2202"]
[TimeControl "180+1"]
[EndTime "10:18:22 PDT"]
[Termination "pedromartinez91 won on time"]

1. e4 c5 2. Nf3 e6 3. c3 Nf6 4. e5 Nd5 5. Bc4 d6 6. exd6 Bxd6 7. d4 cxd4 8. Qxd4 O-O 9. O-O Nc6 10.
Qe4 b6 11. Bd3 f5 12. Qe2 Kh8 13. Rd1 Qc7 14. a3 Ne5 15. Nxe5 Bxe5 16. h3 f4 17. Be4 Bb7 18. Bf3 Rad8 19. Nd2 Rf6 20. Ne4 Rg6 21.
c4 Ne7 22. Rxd8+ Qxd8 23. Bd2 Nf5 24. Bc3 Bxc3 25. bxc3 Qh4 26. Rd1 h6 27. Kf1 Qe7 28. Bh5 Bxe4 29. Qxe4 Rg5 30. Bg4 h5 31. Bxf5 Rxf5 32. a4 Qf6 33. Qd4 Ra5 34. Qe4 Rxa4 35. Kg1 f3 36. gxf3 Ra5 37. Rd7 Rg5+ 38. Kf1 Re5 39.
Qd3 1-0

[Event "*** Titled Tuesday Blitz"]
[Site "Chess.com"]
[Date "2020.05.05"]
[Round "2"]
[White "Benjoneliere44"]
[Black "Ave_Mariia"]
[Result "1-0"]
[WhiteElo "2574"]
[BlackElo "2297"]
[TimeControl "180+1"]
[EndTime "10:18:22 PDT"]
[Termination "Benjoneliere44 won by resignation"]

1. e4 c5 2. Nc3 d6 3. g3 Nc6 4. Bg2 g6 5. d3 Bg7 6. Be3 e6 7. Qd2 h5 8. h3 Nge7 9. Nge2 Nd4 10. O-O Nec6 11. Nc1 Rb8 12. Nd1 e5 13. c3 Ne6 14. Ne2 O-O 15. Bh6 h4 16. g4 g5 17.
Bxg7 Kxg7 18. Ne3 Nf4 19. Rad1 Ne7 20. d4 Be6 21. Nxf4 exf4 22. Nf5+ Bxf5 23. exf5 c4 24.
Qe2 Re8 25. Qxc4 d5 26. Qb3 Qd6 27. Rfe1 Rbd8 28. Re5 f6 29. Re6 Qd7 30. Rde1 b6 31. a4 Qc7 32. Qb5 Rd7 33. Bxd5 Nxd5 34. Rxe8 f3 35.
c4 Nf4 36. Qxd7+ Qxd7 37. R8e7+ Qxe7 38. Rxe7+ Kf8 39. Rxa7 Nxh3+ 40. Kf1 Nf4 41. c5 h3 42. Rh7 bxc5 43. dxc5 Kg8 44. Rxh3 Nxh3 45. c6 1-0

[Event "*** Titled Tuesday Blitz"]
[Site "Chess.com"]
[Date "2020.05.05"]
[Round "2"]
[White "Ashedu66"]
[Black "DivyaDeshmukh23"]
[Result "0-1"]
[WhiteElo "2142"]
[BlackElo "2399"]
[TimeControl "180+1"]
[EndTime "10:18:22 PDT"]
[Termination "DivyaDeshmukh23 won on time"]

1. d4 Nf6 2. c4 e6 3. Nf3 d5 4.
Nc3 Bb4 5. Qa4+ Nc6 6. e3 O-O 7. Bd2 Bxc3 8. Bxc3 Ne7 9. Rd1 b6 10.
Qc2 Bb7 11. Ne5 dxc4 12. Nxc4 Ned5 13. Ne5 Qe7 14. a3 c5 15. Nf3 Rac8 16. Be2 cxd4 17. exd4 Nxc3 18. bxc3 Qxa3 19. Rc1 Nd5 20. c4 Nf4 21.
O-O Nxe2+ 22. Qxe2 Bxf3 23. Qxf3 Qxf3 24. gxf3 Rc7 25.
Rc3 Rd8 26. Rd1 Rdc8 27. d5 exd5 28. Rxd5 g6 29. Ra3 a5 30. Rb5 Rxc4 31. Rxb6 Ra8 32. Kg2 Kg7 33. Rb7 Kf6 34. Kg3 h5 35. h4 a4 36. Rd3 a3 37. Rd6+ Ke5 0-1

[Event "*** Titled Tuesday Blitz"]
[Site "Chess.com"]
[Date "2020.05.05"]
[Round "2"]
[White "Nakachuk"]
[Black "TST2014"]
[Result "1-0"]
[WhiteElo "2882"]
[BlackElo "2562"]
[TimeControl "180+1"]
[EndTime "10:18:23 PDT"]
[Termination "Nakachuk won on time"]

1. Nf3 Nf6 2. g3 d5 3. Bg2 c5 4. O-O g6 5. d3 Bg7 6. Nbd2 O-O 7. e4 Nc6 8. Re1 e5 9. exd5 Nxd5 10. Nc4 Re8 11. Ng5 f5 12. c3 h6 13. Qb3 hxg5 14. Ne3 Be6 15. Bxd5 Bxd5 16. Nxd5 Na5 17. Qa4 Qxd5 18.
Qxa5 b6 19. Qb5 g4 20. Bg5 Re6 21. Rad1 a6 22. Qc4 Rd6 23. Be7 Rd7 24. Bg5 Raa7 25. Qa4 b5 26. Qa5 Kf7 27. a4 Qc6 28. Ra1 Rab7 29. axb5 axb5 30. Red1 Bf6 31. Bxf6 Kxf6 32. Qa8 Kg7 33. Ra6 Qd5 34. Qe8 Rf7 35. Ra8 Kf6 36. Qh8+ Ke6 37. Qe8+ Kf6 38. Re1 Rbe7 39. Qh8+ Ke6 40.
Ra6+ Kd7 41. Rea1 1-0

[Event "*** Titled Tuesday Blitz"]
[Site "Chess.com"]
[Date "2020.05.05"]
[Round "2"]
[White "shav3184"]
[Black "JonahWillow"]
[Result "0-1"]
[WhiteElo "2328"]
[BlackElo "2693"]
[TimeControl "180+1"]
[EndTime "10:18:23 PDT"]
[Termination "JonahWillow won by resignation"]

1. e4 c5 2. Nf3 Nc6 3. d4 cxd4 4. Nxd4 g6 5. c4 Nf6 6. Nc3 d6 7. Be2 Nxd4 8. Qxd4 Bg7 9. Be3 O-O 10. Qd2 a5 11.
O-O a4 12. f3 Qa5 13. Rfc1 Be6 14. Rab1 Rfc8 15. b4 axb3 16. axb3 Qb4 17. Rc2 Nd7 18.
Nd5 Qxd2 19. Rxd2 Bxd5 20. Rxd5 Nc5 21. b4 Na4 22. Bd4 Bxd4+ 23. Rxd4 Nc3 24. Rb2 Nxe2+ 25. Rxe2 Ra1+ 26. Kf2 Rc1 27. e5 R1xc4 28. Rd5 dxe5 29. Rdxe5 e6 30. Rb5 R8c7 31. Rb6 Kf8 32. Re5 R4c6 33. Rxc6 bxc6 34. Rc5 Ke7 35. Rc2 Kd6 36. Rd2+ Ke5 37. Rc2 Kd5 38. Rc5+ Kd6 39. Rc4 Rb7 40. Rh4 h5 41.
Rc4 Kd5 42. Rf4 e5 43. Re4 f5 44. Re2 Rxb4 45. Rd2+ Rd4 46. Rc2 c5 47. Ra2 Rb4 48. Ra8 Rb2+ 49. Kg3 g5 50. h4 gxh4+ 51. Kxh4 Rxg2 52. Kxh5 c4 53. Rd8+ Kc5 54. Rc8+ Kd4 55. Rd8+ Ke3 56. Re8 e4 57. fxe4 fxe4 58. Kh4 c3 59.
Kh3 Rg7 60. Rc8 Kd2 61. Rd8+ Ke2 62. Rc8 Kd2 63. Rd8+ Kc1 64. Rc8 c2 65. Re8 Kd1 0-1

[Event "*** Titled Tuesday Blitz"]
[Site "Chess.com"]
[Date "2020.05.05"]
[Round "2"]
[White "UCantHandleDenker"]
[Black "Grischuk"]
[Result "0-1"]
[WhiteElo "2595"]
[BlackElo "3116"]
[TimeControl "180+1"]
[EndTime "10:18:24 PDT"]
[Termination "Grischuk won by resignation"]

1. Nf3 Nf6 2. c4 g6 3. g3 Bg7 4. Bg2 O-O 5. O-O d6 6. Nc3 e5 7.
d3 Nh5 8. Rb1 f5 9. Bd2 h6 10.
b4 g5 11. b5 f4 12. Ne4 Nd7 13. a4 Ndf6 14. a5 Bf5 15. Nxf6+ Nxf6 16. Bc3 b6 17. Ra1 Rc8 18. axb6 axb6 19. Ra7 Qe8 20. Qb3 Kh8 21. Rfa1 Qh5 22. c5 bxc5 23. b6 cxb6 24. Qxb6 Rcd8 25. Rb7 Nd5 26. Qa7 Nxc3 27. Rxg7 Nxe2+ 28.
Kf1 Ra8 29. Kxe2 Rxa7 30. Raxa7 g4 31. Nh4 f3+ 32. Nxf3 gxf3+ 33. Bxf3 Bxd3+ 34. Kxd3 Qxf3+ 35. Kc4 Qe4+ 0-1

[Event "*** Titled Tuesday Blitz"]
[Site "Chess.com"]
[Date "2020.05.05"]
[Round "2"]
[White "The_Machine04"]
[Black "ftorodent"]
[Result "0-1"]
[WhiteElo "2323"]
[BlackElo "2666"]
[TimeControl "180+1"]
[EndTime "10:18:24 PDT"]
[Termination "ftorodent won by resignation"]

1. d4 f5 2. Bg5 g6 3. e3 Bg7 4.
Nc3 d5 5. h4 h6 6. Bf4 Nf6 7. Nf3 Be6 8. Ne5 Bf7 9. Bd3 Nbd7 10. Qe2 c6 11. f3 Nh5 12. Bh2 Nxe5 13. dxe5 d4 14. exd4 Qxd4 15. e6 Bg8 16. O-O-O Nf4 17. Qf1 Bxe6 18. Kb1 Qb4 19. Bxf4 Qxf4 20. Re1 Bf7 21.
Qe2 Bf6 22. g4 O-O-O 23. gxf5 gxf5 24. Qe3 Qxe3 25. Rxe3 f4 26. Re2 Rhg8 27. Ne4 Bd4 28. c3 Be3 29. Bc2 Bc4 30. Reh2 Bg1 31. Rd2 Be3 32.
Rxd8+ Kxd8 33. b3 Be2 34. Re1 Bxf3 35. Bd1 Bxe4+ 36. Bc2 Bxc2+ 37. Kxc2 Rg2+ 38. Kd3 Rxa2 39. Ke4 Rb2 0-1

[Event "*** Titled Tuesday Blitz"]
[Site "Chess.com"]
[Date "2020.05.05"]
[Round "2"]
[White "GOGIEFF"]
[Black "Shoytan"]
[Result "1-0"]
[WhiteElo "3001"]
[BlackElo "2585"]
[TimeControl "180+1"]
[EndTime "10:18:25 PDT"]
[Termination "GOGIEFF won by resignation"]

1. d4 Nf6 2. c4 g6 3. Nf3 Bg7 4.
e3 O-O 5. Be2 d6 6. O-O Nbd7 7.
Nc3 e5 8. Qc2 c6 9. b3 Re8 10. Ba3 Nf8 11. dxe5 dxe5 12. Rfd1 Qa5 13. Bd6 N6d7 14. b4 Qd8 15. Rab1 f5 16. e4 f4 17. c5 Qf6 18. b5 g5 19. bxc6 bxc6 20. Qa4 g4 21.
Qxc6 gxf3 22. Bxf3 Ba6 23. Qxa6 Nxc5 24. Qc4+ Nce6 25.
Nd5 Qf7 26. Qa6 Nd4 27. Bg4 Qg6 28. f3 Rad8 29. Qc4 Kh8 30. Bc7 h5 31. Bh3 Nxf3+ 32.
Kh1 Ng5 33. Bf5 Qf7 34. Bxd8 Rxd8 35. Qa6 f3 36. Rb7 fxg2+ 37. Kxg2 Nd7 38. Kh1 h4 39. Rf1 h3 40. Qxa7 Nxe4 41. Rxd7 Qh5 42. Rxd8+ 1-0

[Event "*** Titled Tuesday Blitz"]
[Site "Chess.com"]
[Date "2020.05.05"]
[Round "2"]
[White "DamianoLew95"]
[Black "Beca95"]
[Result "1/2-1/2"]
[WhiteElo "2563"]
[BlackElo "2855"]
[TimeControl "180+1"]
[EndTime "10:18:25 PDT"]
[Termination "Game drawn by agreement"]

1. d4 Nf6 2. Nf3 e6 3. Bf4 d5 4. e3 Bd6 5. Nbd2 b6 6. Bd3 Ba6 7. Bxa6 Nxa6 8. c3 O-O 9. Bg3 c5 10. Qe2 Nc7 11. dxc5 bxc5 12. e4 Be7 13. exd5 exd5 14.
O-O Re8 15. Qd3 Ne6 16. Rfe1 Qb6 17. b3 Rad8 18. Qf5 g6 19. Qc2 Nh5 20. Nf1 Nxg3 21. hxg3 Bf6 22. Rad1 d4 23. cxd4 cxd4 24. N1d2 d3 25. Qc4 Bd4 26. Nxd4 Rxd4 27. Qc3 Red8 28. Re3 R4d7 29. Nc4 Qd4 30. Qxd4 Rxd4 31. Nb2 Nc5 32. Rd2 R8d5 33. f3 Kg7 34. Kf2 a5 35. g4 h6 36. Re8 a4 37. bxa4 Nxa4 38. Nxa4 Rxa4 39. Ke3 Ra3 40. Re4 Rda5 41. Rd4 Rxa2 42. R4xd3 Kf6 43. g3 1/2-1/2

[Event "*** Titled Tuesday Blitz"]
[Site "Chess.com"]
[Date "2020.05.05"]
[Round "2"]
[White "GM_DarwinLaylo"]
[Black "Harsha_Bharathakoti"]
[Result "0-1"]
[WhiteElo "2535"]
[BlackElo "2824"]
[TimeControl "180+1"]
[EndTime "10:18:25 PDT"]
[Termination "Harsha_Bharathakoti won by resignation"]

1. c4 e6 2. d4 d5 3. Nf3 Nf6 4. Nc3 c6 5. Bg5 Nbd7 6. e3 h6 7. Bh4 g5 8. Bg3 Nh5 9. Nd2 Nxg3 10. hxg3 Bg7 11. Qc2 Qe7 12. Be2 a6 13. a3 b5 14.
b3 Bb7 15. O-O O-O 16. Rfd1 f5 17. Nf1 Rac8 18. a4 b4 19. Na2 a5 20. cxd5 cxd5 21. Qb2 f4 22. Rac1 fxe3 23. fxe3 e5 24. Bg4 Rxc1 25. Nxc1 Nf6 26. Bf5 exd4 27. exd4 Ne4 28.
Bxe4 Qxe4 29. Ne2 Ba6 30. Rd2 Bxe2 31. Rxe2 Bxd4+ 0-1

[Event "*** Titled Tuesday Blitz"]
[Site "Chess.com"]
[Date "2020.05.05"]
[Round "2"]
[White "sergeikim"]
[Black "XDPS"]
[Result "0-1"]
[WhiteElo "2484"]
[BlackElo "2709"]
[TimeControl "180+1"]
[EndTime "10:18:25 PDT"]
[Termination "XDPS won on time"]

1. d4 d5 2. c4 e6 3. Nc3 Nf6 4. Nf3 c6 5. e3 Nbd7 6. Bd3 dxc4 7. Bxc4 b5 8. Bb3 b4 9. Ne2 Be7 10. O-O O-O 11. Ng3 c5 12. e4 Bb7 13. d5 exd5 14.
e5 Ng4 15. Bf4 c4 16. Bc2 f6 17. e6 Nde5 18. Nd4 Kh8 19. h3 Nh6 20. Bxh6 gxh6 21. Qh5 Rg8 22. Qxh6 Nd3 23. Bxd3 cxd3 24. Ngf5 Rg6 25.
Qh4 Bd6 26. Rad1 Be5 27. Rfe1 Qg8 28. g4 Rg5 29. Rxd3 Re8 30. Nh6 Qg6 31. Nf7+ Kg8 32. Nxg5 fxg5 33. Qh5 Bf4 0-1

[Event "*** Titled Tuesday Blitz"]
[Site "Chess.com"]
[Date "2020.05.05"]
[Round "2"]
[White "Rozum_Ivan"]
[Black "Happy1712Drummer"]
[Result "0-1"]
[WhiteElo "2709"]
[BlackElo "2529"]
[TimeControl "180+1"]
[EndTime "10:18:26 PDT"]
[Termination "Happy1712Drummer won by checkmate"]

1. d4 d5 2. Nf3 Nf6 3. c4 c6 4.
e3 e6 5. b3 Ne4 6. Nbd2 f5 7.
Be2 Bd6 8. Bb2 Nd7 9. O-O O-O 10. Ne5 Qe7 11. f4 Ndf6 12. c5 Bc7 13. Ndf3 Bd7 14.
b4 Be8 15. a4 Kh8 16. b5 Rg8 17. Kh1 g5 18. Bd3 gxf4 19. exf4 Qg7 20. Qe2 Qh6 21. Kg1 Rg7 22. Bc1 Bh5 23. Qc2 Rag8 24. Ng5 Ng4 25.
Nxg4 Bxg4 26. Bxe4 fxe4 27. h3 Bf5 28. g4 Rxg5 29.
fxg5 Qxh3 30. gxf5 e3 31. Qg2 Rxg5 32. Qxg5 Qh2# 0-1

[Event "*** Titled Tuesday Blitz"]
[Site "Chess.com"]
[Date "2020.05.05"]
[Round "2"]
[White "OK97"]
[Black "Justinz"]
[Result "1-0"]
[WhiteElo "2713"]
[BlackElo "2329"]
[TimeControl "180+1"]
[EndTime "10:18:26 PDT"]
[Termination "OK97 won on time"]

1. e4 c5 2. Nf3 d6 3. d4 cxd4 4. Nxd4 Nf6 5. Nc3 a6 6. h4 e6 7. g4 Nfd7 8. g5 Be7 9. Be3 Qc7 10. Qd2 Nc6 11. f4 b5 12. Nxc6 Qxc6 13. Bg2 Bb7 14. O-O-O Rc8 15. Kb1 Nb6 16. Bxb6 Qxb6 17. h5 h6 18. g6 fxg6 19. hxg6 b4 20. Ne2 Bf6 21. Qxd6 Qxd6 22. Rxd6 Ke7 23. Rb6 Rc7 24. Rxb7 Rxb7 25. e5 Rc7 26. exf6+ Kxf6 27. Be4 Rd8 28. Bd3 a5 29. b3 Rc5 30. Ng3 Ke7 31. Re1 Rdd5 32. Bc4 Rd8 33. Rxe6+ Kf8 34. Ne4 Rh5 35. Nd6 Rh1+ 36.
Kb2 Rd1 37. Nb7 1-0

[Event "*** Titled Tuesday Blitz"]
[Site "Chess.com"]
[Date "2020.05.05"]
[Round "2"]
[White "ErikRonka"]
[Black "Karina_Ivanova"]
[Result "1-0"]
[WhiteElo "2410"]
[BlackElo "2162"]
[TimeControl "180+1"]
[EndTime "10:18:26 PDT"]
[Termination "ErikRonka won by resignation"]

1. e4 c6 2. Nf3 d5 3. d3 dxe4 4. dxe4 Qxd1+ 5. Kxd1 Bg4 6. Be3 Nd7 7. Nd2 O-O-O 8.
Be2 e5 9. Ne1 Bxe2+ 10. Kxe2 Bc5 11. Nd3 Bxe3 12. Kxe3 f6 13. Nc4 Nb6 14. Nxb6+ axb6 15. a4 Ne7 16. a5 Kc7 17. axb6+ Kxb6 18. Ra3 Ra8 19. Rb3+ Kc7 20. Nc5 b5 21. Rd1 Kb6 22. Ne6 g6 23. Rd7 Ra7 24. Rd1 Rc8 25. c4 f5 26. c5+ Kb7 27. Rd7+ Ka8 28. Ra3 Rxa3+ 29.
bxa3 f4+ 30. Kf3 Ng8 31. Rxh7 Kb8 32. Rg7 Re8 33. Rxg6 Ne7 34. Rg7 Nc8 35. Ng5 Rd8 36.
h4 Rd3+ 37. Kg4 Rxa3 38. h5 b4 39. h6 b3 40. h7 b2 41. h8=Q b1=Q 42. Qh7 Ra7 43.
Rxa7 Nxa7 44. Qd7 Qd1+ 45. Qxd1 1-0

[Event "*** Titled Tuesday Blitz"]
[Site "Chess.com"]
[Date "2020.05.05"]
[Round "2"]
[White "mshuaau0"]
[Black "vlad_Sid"]
[Result "0-1"]
[WhiteElo "2117"]
[BlackElo "2602"]
[TimeControl "180+1"]
[EndTime "10:18:27 PDT"]
[Termination "vlad_Sid won by resignation"]

1. e4 c6 2. d4 d5 3. e5 Bf5 4. h4 h5 5. Bd3 Bxd3 6. Qxd3 e6 7. Be3 Qa5+ 8. Nd2 Qa6 9. Qxa6 Nxa6 10. c3 Ne7 11. Ne2 Nf5 12. O-O-O Be7 13. Nf3 c5 14. Bg5 f6 15. Bf4 Kf7 16. Ng3 Nxg3 17. Bxg3 Rac8 18. Kb1 Nb8 19. exf6 gxf6 20. Bxb8 Rxb8 21. g3 Rhg8 22.
Rhe1 b5 23. Re2 c4 24. Rde1 Rb6 25. Kc2 b4 26. Re3 a5 27. Nd2 a4 28. cxb4 Bxb4 29.
Rb1 Rgb8 30. Nf1 Bd6 31. f4 a3 32. b3 Rc8 33. Kd1 Bb8 34. Nd2 c3 35. Rc1 Rbc6 36. Nf3 c2+ 37. Kd2 Bc7 38. Rd3 Ba5+ 39. Ke2 Kg6 40.
Ne1 Kf5 41. Ng2 Ke4 42. Ne3 Bb6 43. Kd2 Bxd4 44. Nxc2 Bc3+ 45. Ke2 Bb2 46. Re3+ Kf5 47. Nd4+ Bxd4 48. Rxc6 Rxc6 49. Rd3 Rc2+ 50. Kd1 Rxa2 51. Rxd4 Rh2 52. Ra4 a2 53. Ra3 0-1